 Dungeon Crawl Stone Soup version 0.21.1-1-g345015fe64 (webtiles) character file.

49 Revguard the Skirmisher (level 3, 0/23 HPs)
             Began as a Demonspawn Chaos Knight on June 5, 2018.
             Splashed with acid (8 damage)
             ... on level 2 of the Dungeon.
             The game lasted 00:13:48 (1567 turns).

Revguard the Skirmisher (Demonspawn Chaos Knight)   Turns: 1567, Time: 00:13:48

Health: 0/23       AC:  0    Str: 11    XL:     3   Next: 53%
Magic:  4/4        EV: 12    Int: 11    God:    Xom [*.....]
Gold:   111        SH:  0    Dex: 15    Spells: 4/4 levels left

rFire    . . .     SeeInvis .   a - +0 hand axe (chaos)
rCold    . . .     Gourm    .   (no shield)
rNeg     . . .     Faith    .   b - +2 leather armour
rPois    .         Spirit   .   (no helmet)
rElec    .         Reflect  .   (no cloak)
rCorr    .         Harm     .   (no gloves)
MR       .....                  (no boots)
Stlth    +.........             (no amulet)
HPRegen  0.07/turn              h - +5 ring of dexterity
MPRegen  0.09/turn              (no ring)

@: corroded, heavily contaminated, glowing
A: blurry vision 1, clumsy 1, deformed body, dopey 1, frail 2, nightstalker 1,
inhibited regeneration, weak 1, sturdy frame 1
a: Renounce Religion


You were on level 2 of the Dungeon.
You worshipped Xom.
You were a special plaything of Xom.
You were not hungry.

You visited 1 branch of the dungeon, and saw 2 of its levels.

You collected 111 gold pieces.

Inventory:

Hand Weapons
 a - a +0 hand axe of chaos (weapon)
Armour
 b - a +2 leather armour (worn)
Jewellery
 h - a +5 ring of dexterity (left hand)
Scrolls
 d - 2 scrolls of amnesia {unknown}
 e - 3 scrolls of identify {unknown}
 f - 2 scrolls of remove curse {unknown}
 g - a scroll of immolation {unknown}
 k - a scroll of enchant weapon {unknown}
 l - a scroll of random uselessness {unknown}
 n - a scroll of fog {unknown}
Potions
 i - a potion of curing
 j - a potion of heal wounds {unknown}
Comestibles
 c - 2 rations


   Skills:
 + Level 3.3 Fighting
 + Level 3.2 Axes
 + Level 2.0 Armour
 + Level 1.2 Dodging
 + Level 0.3 Stealth
 * Level 1.2 Spellcasting


You had 4 spell levels left.
You didn't know any spells.

Dungeon Overview and Level Annotations

Branches:
Dungeon (2/15)

Altars:
Elyvilon


Innate Abilities, Weirdness & Mutations

You are slightly more attuned to the shadows.
Your movements are slightly less encumbered by armour. (ER -2)
Scrolls take you a little longer to read.
You are clumsy. (Dex -2)
Armour fits poorly on your strangely shaped body.
You are dopey. (Int -2)
You are very frail. (-20% HP)
You do not regenerate when monsters are visible.
You are weak. (Str -2)


Message History

The kobold hits you with a club.
You closely miss the kobold.
The kobold is severely wounded.
The kobold hits you with a club.
You hit the kobold. You freeze the kobold.
You kill the kobold!
Found 8 gold pieces.
You see here a club.
There is a faded altar of an unknown god here.
Your body shudders with the violent release of wild energies!
You feel clumsy.
You feel less contaminated with magical energies.
You now have 111 gold pieces (gained 8).
Found 18 stones.
Your body shudders with the violent release of wild energies!
The magical storm engulfs you!
Ouch! That really hurt!
The acid corrodes you!
You are splashed with acid!
The acid burns!
You die...
Xom guffaws!

............... #..##(..
.####.#.####### #..#....
.###...## #.# #...###. ###.....#
#.# #.#.# #. ##...## #.# #.#.###.
##.## #.# #....... #.# #.#
#####.## #.# #.# #.# ##'## #@#
#.# ##...## #.## #.# ##.....##
##..# ##.# .#.......## ##.#.####
##.#.#
..........####.......#######.###.
..........'.................## #
....>.....####....##.#####.## #
.#.......## #..#..#.# ##.# ##
.##.....## #.###.#.# ..###.


There were no monsters in sight!

Vanquished Creatures
  2 adders (D:2)
  A worm (D:2)
  2 ball pythons (D:2)
  4 bats
  A giant cockroach (D:2)
  4 goblins (D:1)
  4 hobgoblins (D:1)
  A quokka (D:2)
  3 frilled lizards
  3 kobolds
  2 rats (D:2)
27 creatures vanquished.

Vanquished Creatures (others)
  2 bats (D:2)
2 creatures vanquished.

Grand Total: 29 creatures vanquished

Notes
Turn   | Place    | Note
-------+----------+-------------------------------------------
     0 | D:1      | Revguard the Demonspawn Chaos Knight began the quest for the Orb.
     0 | D:1      | Reached XP level 1. HP: 18/18 MP: 1/1
    31 | D:1      | XOM: harmless Conj miscast
   135 | D:1      | Gained mutation: You are slightly more attuned to the shadows. [demonic ancestry]
   135 | D:1      | Reached XP level 2. HP: 23/24 MP: 3/3
   208 | D:1      | Reached skill level 1 in Dodging
   403 | D:1      | Reached skill level 1 in Spellcasting
   502 | D:1      | XOM: mild Tloc miscast
   503 | D:1      | Noticed a spatial vortex
   624 | D:1      | XOM: harmless Summ miscast
   658 | D:1      | XOM: harmless Pois miscast
   971 | D:2      | Gained mutation: Your movements are slightly less encumbered by armour. (ER -2) [demonic ancestry]
   971 | D:2      | Reached XP level 3. HP: 24/29 MP: 4/4
  1076 | D:2      | Found a white marble altar of Elyvilon.
  1186 | D:2      | XOM: cloud trail
  1222 | D:2      | Gained mutation: You are weak. (Str -2) [mutagenic glow]
  1272 | D:2      | Gained mutation: Armour fits poorly on your strangely shaped body. [mutagenic glow]
  1324 | D:2      | Gained mutation: You do not regenerate when monsters are visible. [mutagenic glow]
  1339 | D:2      | XOM: cloud trail
  1369 | D:2      | Gained mutation: You are frail. (-10% HP) [mutagenic glow]
  1401 | D:2      | Paralysed by you for 6 turns
  1409 | D:2      | Gained mutation: Scrolls take you a little longer to read. [mutagenic glow]
  1457 | D:2      | Gained mutation: You are very frail. (-20% HP) [mutagenic glow]
  1491 | D:2      | Gained mutation: You are dopey. (Int -2) [mutagenic glow]
  1503 | D:2      | Found a faded altar of an unknown god.
  1518 | D:2      | Gained mutation: You are clumsy. (Dex -2) [mutagenic glow]
  1567 | D:2      | Splashed with acid

Skill      XL: |  1  2  3 |
---------------+----------+-----
Dodging        | 1 |  1.2
Spellcasting   | 1 |  1.2
Axes           | 3 |  3.2
Armour         | 2 |  2.0
Fighting       | |  3.3
Stealth        | |  0.3

Action                   || total
-------------------------++-------
Melee: Hand axe          ||    91
       Unarmed           ||     3
  Use: Potion            ||     4
 Stab: Confused          ||     1
       Sleeping          ||     3
  Eat: Ration            ||     1
Armor: Leather armour    ||    41
       Skin              ||     2
Dodge: Dodged            ||    72
